 Dungeon Crawl Stone Soup version 0.30-a0-632-g346586fe48 (webtiles) character file.

Game seed: 9691514059950793636

144 zero the Digger (level 5, 0/31 HPs)
             Began as a Gargoyle Earth Elementalist on Jan 13, 2023.
             Slain by an orc
             ... wielding a +0 flail
              (6 damage)
             ... on level 3 of the Dungeon.
             The game lasted 00:03:16 (2352 turns).

zero the Digger (Gargoyle Earth Elementalist)       Turns: 2352, Time: 00:03:17

Health: 0/31       AC:  6    Str: 11    XL:     5   Next: 27%
Magic:  4/10       EV: 11    Int: 18    God:
Gold:   107        SH:  0    Dex: 10    Spells: 4/10 levels left

rFire   . . .      SeeInvis .    k - +2 dagger (venom)
rCold   . . .      Faith    .    (no shield)
rNeg    + . .      Spirit   .    a - +0 robe
rPois   ∞          Reflect  .    (no helmet)
rElec   +          Harm     .    (no cloak)
rCorr   .          Rampage  .    (no gloves)
Will    .....                    (no boots)
Stlth   ++                       g - amulet of the acrobat
HPRegen 0.25/turn                (no ring)
MPRegen 0.12/turn                (no ring)

@: no status effects
A: sickness immunity, AC +4, negative energy resistance 1, electricity
resistance, torment resistance 1, petrification resistance
a: no special abilities


You were on level 3 of the Dungeon.
You visited 1 branch of the dungeon, and saw 3 of its levels.

You collected 107 gold pieces.

Inventory:

Hand Weapons
 k - a +2 dagger of venom (weapon)
Missiles
 c - a throwing net
 f - 8 poisoned darts
Armour
 a - a +0 robe (worn)
Jewellery
 g - an amulet of the acrobat (around neck)
Scrolls
 d - a scroll of amnesia {unknown}
 e - a scroll of fear {unknown}
 i - a scroll of enchant armour {unknown}
Potions
 b - a potion of magic
 h - 2 potions of brilliance {unknown}
 j - a potion of haste {unknown}


   Skills:
 + Level 2.4 Fighting
 - Level 1.5 Dodging
 - Level 2.1 Stealth
 * Level 3.3 Spellcasting
 + Level 1.5 Conjurations
 - Level 0.7 Transmutations
 + Level 4.6 Earth Magic


You had 4 spell levels left.
You knew the following spells:

 Your Spells              Type           Power      Damage    Failure   Level
a - Sandblast             Erth           38%        2d10      2%          1
b - Stone Arrow           Conj/Erth      28%        3d8       13%         3
c - Passwall              Tmut/Erth      10%        N/A       8%          2

Your spell library contained the following spells:

 Spells                   Type           Power      Damage    Failure   Level
 Slow                     Hex            12%        N/A       16%         1
 Confusing Touch          Hex            3%         N/A       43%         3
 Vampiric Draining        Necr           3%         2d6       43%         3
 Petrify                  Tmut/Erth      12%        N/A       45%         4


Dungeon Overview and Level Annotations

Branches:
Dungeon (3/15)

Altars:


Innate Abilities, Weirdness & Mutations

You are immune to sickness and miasma.
Your stone body is resilient. (AC +4)
You are immune to poison.
You resist negative energy. (rN+)
You are resistant to electric shocks. (rElec)
You are resistant to unholy torment.
You are immune to petrification.


Message History

Press: ? - help, Shift-Dir - straight line, f/p - orc priest
Aim: an orc priest, wielding a +0 dagger and wearing a +0 ring mail (severely wounded, 84% to hit)
The blast of sand hits the orc priest!
You kill the orc priest!
The bat hits you. The bat misses you.
An orc comes into view. It is wielding a +0 war axe.
The orc hits you with a +0 falchion. The bat hits you but does no damage.
The orc hits you but does no damage.
An orc comes into view. It is wielding a +0 flail.
You have reached level 5!
The orc shouts! x2
You hit the orc.
The orc is poisoned.
The orc is moderately wounded.
The bat barely misses you. The bat hits you but does no damage.
The orc hits you but does no damage.
You hit the bat.
You kill the bat!
The orc barely misses you.
You barely miss the orc. The orc hits you but does no damage.
The orc misses you.
You hit the orc.
The orc is poisoned.
The orc is heavily wounded.
You kill the orc!
The orc hits you with a +0 club. The orc misses you.
You hit the orc.
The orc is moderately wounded.
The orc closely misses you. The orc hits you but does no damage.
You closely miss the orc.
The orc is moderately wounded.
The orc hits you with a +0 flail.
* * * LOW HITPOINT WARNING * * *
The orc misses you.
You closely miss the orc.
The orc is moderately wounded.
The orc barely misses you. The orc hits you with a +0 club.
* * * LOW HITPOINT WARNING * * *
You hit the orc.
The orc is severely wounded.
The orc hits you but does no damage. The orc hits you with a +0 flail.
You die... .8.<. ....## ....# #)..## .o..### #o8r.. #ooo#

#####@########
#..†.........#
#)##..##..##.#
#...##.....#
#########...###
#.....# #...#
#.###.###...#####
#.#.............#
#.....####.####.#


You could see 5 orcs and a rat.

Vanquished Creatures
  An orc priest (D:3)
  Robin (D:2)
  An adder (D:2)
  A worm (D:2)
  3 orcs (D:3)
  5 bats
  3 endoplasms
  5 giant cockroaches
  15 goblins
  11 hobgoblins
  8 jackals (D:2)
  3 quokkas
  7 ball pythons
  3 frilled lizards
  5 kobolds
  6 rats
78 creatures vanquished.

Notes
Turn   | Place    | Note
-------+----------+-------------------------------------------
     0 | D:1      | zero the Gargoyle Earth Elementalist began the quest for
                  | the Orb.
     0 | D:1      | Reached XP level 1. HP: 10/10 MP: 3/3
   154 | D:1      | Reached XP level 2. HP: 16/16 MP: 1/5
   209 | D:1      | Learned a level 2 spell: Passwall
   239 | D:1      | Reached skill level 1 in Fighting
   272 | D:1      | Reached skill level 4 in Earth Magic
   614 | D:1      | Reached XP level 3. HP: 20/20 MP: 3/6
   618 | D:1      | Learned a level 3 spell: Stone Arrow
  1078 | D:2      | Noticed Robin
  1150 | D:2      | Killed Robin
  1313 | D:2      | Reached XP level 4. HP: 26/26 MP: 6/8
  1444 | D:2      | Reached skill level 1 in Conjurations
  2345 | D:3      | Reached XP level 5. HP: 13/31 MP: 3/9
  2352 | D:3      | Slain by an orc

Illustrated notes

Levels and vault maps discovered:
D:1:      amcnicky_arrival_gap_in_the_tavern_cellar, layout_basic,
          minmay_tromino_v7
D:2:      minmay_door_path, layout_basic, uniq_robin
D:3:      layout_basic, minmay_misc_feat_columns, grunt_ministairs_13,
          minmay_close_crescents

Skill      XL: |  1  2  3  4 |
---------------+-------------+-----
Fighting       | 1 2 |  2.4
Earth Magic    | 4 |  4.6
Conjurations   | 1 |  1.5
Spellcasting   | 3 |  3.3
Dodging        | |  1.5
Stealth        | |  2.1
Transmutations | |  0.7

Action                   |  1- 3 |  4- 6 || total
-------------------------+-------+-------++-------
Melee: Unarmed           |     1 |       ||     1
       Dagger            |    45 |    96 ||   141
 Cast: Sandblast         |    45 |    37 ||    82
 Stab: Sleeping          |     1 |       ||     1
Armor: Robe              |    27 |    60 ||    87
Dodge: Dodged            |    50 |    95 ||   145

Table legend: (Time is in decaauts)
 A = Elapsed time spent in this place.
 B = Non-inter-level travel time spent in this place.
 C = Inter-level travel time spent in this place.
 D = Time resting spent in this place.
 E = Time spent auto-exploring this place.
 F = Levels seen in this place.
 G = Mean time per level.
                   A        B        C        D        E       F      G
               +--------+--------+--------+--------+--------+-----+--------+
         Total |   2390 |   2313 |     77 |    220 |   1548 |   3 |  796.7 |
       Dungeon |   2390 |   2313 |     77 |    220 |   1548 |   3 |  796.7 |
               +--------+--------+--------+--------+--------+-----+--------+

Top non-repeatable levels by time:
     D:2: 1186 daAuts
     D:1: 1073 daAuts
     D:3: 130 daAuts
